| TOP OF THE 1ST |
|
London Majors batting - Pitching for Paris Cubs : RHP Nicolai Volnov
|
|
Pitching: RHP Nicolai Volnov
|
|
|
Batting: RHB Pete Duncan
|
0-0: Ground out 6-3 (Groundball, 6, EV 88.1 MPH)
|
|
Batting: RHB Brock Van Gilder
|
0-0: Called Strike 0-1: Ball 1-1: Foul Ball, location: 2F 1-2: Foul Ball, location: 2F 1-2: Ball 2-2: Foul Ball, location: 2F 2-2: Ball 3-2: Fly out, F9 (Flyball, 9S, EV 76.9 MPH)
|
|
Batting: RHB Frank Caulfield
|
0-0: Called Strike 0-1: Ground out 4-3 (Groundball, 4, EV 98.1 MPH)
|
| Top of the 1st over - 0 runs, 0 hits, 0 errors, 0 left on base; London 0 - Paris 0 |
| BOTTOM OF THE 1ST |
|
Paris Cubs batting - Pitching for London Majors : RHP Brian Bailes
|
|
Pitching: RHP Brian Bailes
|
|
|
Batting: RHB Andy Huntley
|
0-0: Ball 1-0: Ball 2-0: Ball 3-0: Base on Balls
|
|
Batting: RHB Leonardo Nava
|
0-0: Ball Andy Huntley is caught stealing 2nd base 2-4 1-0: Called Strike 1-1: Ground out 6-3 (Groundball, 6MD, EV 83.8 MPH)
|
|
Batting: RHB Ricardo Aguinaga
|
0-0: Ball 1-0: Ball 2-0: Ball 3-0: Base on Balls
|
|
Batting: RHB David Barnard
|
0-0: Ball 1-0: Ball 2-0: Ball 3-0: Base on Balls Ricardo Aguinaga to second
|
|
Batting: RHB Sam Sours
|
0-0: Called Strike 0-1: Ball 1-1: Foul Ball, location: 2F 1-2: 3-RUN HOME RUN (Flyball, 78XD, EV 107.5 MPH), Distance : 425 ft
|
|
Batting: RHB Jerry Blas
|
0-0: Called Strike 0-1: Foul Ball, location: 2F 0-2: Ball 1-2: Strikes out swinging
|
| Bottom of the 1st over - 3 runs, 1 hit, 0 errors, 0 left on base; London 0 - Paris 3 |
| TOP OF THE 2ND |
|
London Majors batting - Pitching for Paris Cubs : RHP Nicolai Volnov
|
|
Batting: LHB Frank Nelson
|
0-0: Called Strike 0-1: Ball 1-1: Swinging Strike 1-2: Strikes out swinging
|
|
Batting: RHB John Hering
|
0-0: Ball 1-0: Ball 2-0: Called Strike 2-1: Ball 3-1: SINGLE (Groundball, 4M, EV 107.5 MPH) (infield hit)
|
|
Batting: RHB Erik Coleman
|
0-0: Ball 1-0: Ball 2-0: Called Strike 2-1: Called Strike John Hering is caught stealing 2nd base 2-4 2-2: Fly out, F8 (Flyball, 8RM, EV 94.4 MPH)
|
| Top of the 2nd over - 0 runs, 1 hit, 0 errors, 0 left on base; London 0 - Paris 3 |
| BOTTOM OF THE 2ND |
|
Paris Cubs batting - Pitching for London Majors : RHP Brian Bailes
|
|
Batting: LHB Adam Conover
|
0-0: Ball 1-0: Ball 2-0: Called Strike 2-1: Swinging Strike 2-2: Strikes out swinging
|
|
Batting: RHB Khalil Stephens
|
0-0: Foul Ball, location: 2F 0-1: Ball 1-1: Swinging Strike 1-2: Ground out 6-3 (Groundball, P, EV 86.9 MPH)
|
|
Batting: RHB Jose Sanchez
|
0-0: Ball 1-0: Ball 2-0: Ball 3-0: Base on Balls
|
|
Batting: RHB Andy Huntley
|
0-0: Called Strike 0-1: Ball 1-1: Foul Ball, location: 2F 1-2: Ball 2-2: Strikes out swinging
|
| Bottom of the 2nd over - 0 runs, 0 hits, 0 errors, 1 left on base; London 0 - Paris 3 |
| TOP OF THE 3RD |
|
London Majors batting - Pitching for Paris Cubs : RHP Nicolai Volnov
|
|
Batting: RHB Jake Bronner
|
0-0: Called Strike 0-1: Ball 1-1: Swinging Strike 1-2: Ball 2-2: Foul Ball, location: 2F 2-2: Ball 3-2: SINGLE (Groundball, 5L, EV 99.4 MPH)
|
|
Batting: RHB Bobby Lasaguna
|
0-0: Called Strike Jake Bronner is caught stealing 2nd base 2-4 0-1: Called Strike 0-2: Strikes out swinging
|
|
Batting: RHB Terry Plumley
|
0-0: Ball 1-0: Ball 2-0: Ground out 6-3 (Groundball, 6MD, EV 106.3 MPH)
|
| Top of the 3rd over - 0 runs, 1 hit, 0 errors, 0 left on base; London 0 - Paris 3 |
| BOTTOM OF THE 3RD |
|
Paris Cubs batting - Pitching for London Majors : RHP Brian Bailes
|
|
Batting: RHB Leonardo Nava
|
0-0: Ball 1-0: Ground out 6-3 (Groundball, 6, EV 84.4 MPH)
|
|
Batting: RHB Ricardo Aguinaga
|
0-0: SINGLE (Groundball, 6MD, EV 102.5 MPH)
|
|
Batting: RHB David Barnard
|
0-0: Ball 1-0: Ground out 4-3 (Groundball, 34, EV 109.4 MPH) Ricardo Aguinaga to second
|
|
Batting: RHB Sam Sours
|
0-0: Ball 1-0: Called Strike 1-1: Foul Ball, location: 2F 1-2: Ball 2-2: Strikes out looking
|
| Bottom of the 3rd over - 0 runs, 1 hit, 0 errors, 1 left on base; London 0 - Paris 3 |
| TOP OF THE 4TH |
|
London Majors batting - Pitching for Paris Cubs : RHP Nicolai Volnov
|
|
Batting: RHB Pete Duncan
|
0-0: Ball 1-0: Called Strike 1-1: Ball 2-1: Called Strike 2-2: Ground out 5-3 (Groundball, 15, EV 94.4 MPH)
|
|
Batting: RHB Brock Van Gilder
|
0-0: Ground out 5-3 (Groundball, 5S, EV 61.9 MPH)
|
|
Batting: RHB Frank Caulfield
|
0-0: Ground out U3 (Groundball, 13, EV 81.3 MPH)
|
| Top of the 4th over - 0 runs, 0 hits, 0 errors, 0 left on base; London 0 - Paris 3 |
| BOTTOM OF THE 4TH |
|
Paris Cubs batting - Pitching for London Majors : RHP Brian Bailes
|
|
Batting: RHB Jerry Blas
|
0-0: Foul Ball, location: 2F 0-1: Called Strike 0-2: Strikes out swinging
|
|
Batting: LHB Adam Conover
|
0-0: Ball 1-0: Ball 2-0: Ball 3-0: Called Strike 3-1: Foul Ball, location: 2F 3-2: Foul Ball, location: 2F 3-2: Foul Ball, location: 2F 3-2: Base on Balls
|
|
Batting: RHB Khalil Stephens
|
0-0: Ball 1-0: Ball 2-0: Called Strike 2-1: Swinging Strike 2-2: Strikes out looking
|
|
Batting: RHB Jose Sanchez
|
0-0: Called Strike 0-1: Ball 1-1: Foul Ball, location: 2F 1-2: Fly out, F8 (Flyball, 8LS, EV 93.8 MPH)
|
| Bottom of the 4th over - 0 runs, 0 hits, 0 errors, 1 left on base; London 0 - Paris 3 |
| TOP OF THE 5TH |
|
London Majors batting - Pitching for Paris Cubs : RHP Nicolai Volnov
|
|
Batting: LHB Frank Nelson
|
0-0: Foul Ball, location: 2F 0-1: Fly out, F6 (Popup, 6MS, EV 70.6 MPH)
|
|
Batting: RHB John Hering
|
0-0: Foul Ball, location: 2F 0-1: Foul Ball, location: 2F 0-2: Strikes out swinging
|
|
Batting: RHB Erik Coleman
|
0-0: Called Strike 0-1: Ground out 3-1 (Groundball, 34S, EV 89.4 MPH)
|
| Top of the 5th over - 0 runs, 0 hits, 0 errors, 0 left on base; London 0 - Paris 3 |
| BOTTOM OF THE 5TH |
|
Paris Cubs batting - Pitching for London Majors : RHP Brian Bailes
|
|
Batting: RHB Andy Huntley
|
0-0: Swinging Strike 0-1: Foul Ball, location: 2F 0-2: Ball 1-2: Ball 2-2: SINGLE (Line Drive, 89S, EV 96.9 MPH)
|
|
Batting: RHB Leonardo Nava
|
0-0: Ball 1-0: Swinging Strike 1-1: Foul Ball, location: 2F 1-2: Foul Ball, location: 2F 1-2: Foul Ball, location: 2F 1-2: Ball 2-2: Foul Ball, location: 2F 2-2: Foul Ball, location: 2F 2-2: Strikes out swinging
|
|
Batting: RHB Ricardo Aguinaga
|
0-0: Called Strike 0-1: Ball 1-1: Called Strike 1-2: Strikes out swinging Andy Huntley steals 2nd base Batter strikes out.
|
|
Batting: RHB David Barnard
|
0-0: Fly out, F6 (Flyball, 6D, EV 71.9 MPH)
|
| Bottom of the 5th over - 0 runs, 1 hit, 0 errors, 1 left on base; London 0 - Paris 3 |
| TOP OF THE 6TH |
|
London Majors batting - Pitching for Paris Cubs : RHP Nicolai Volnov
|
|
Batting: RHB Jake Bronner
|
0-0: Ball 1-0: SINGLE (Groundball, 34D, EV 109.4 MPH)
|
|
Batting: RHB Bobby Lasaguna
|
0-0: Ball 1-0: Ball 2-0: Called Strike 2-1: Ball 3-1: Base on Balls Jake Bronner to second
|
|
Pitching: RHP Bogdan Sdobnyakov
|
|
|
Batting: LHB Eddie Muniz
|
0-0: Foul Ball, location: 2F 0-1: Foul Ball, location: 2F 0-2: Ball 1-2: Foul Ball, location: 2F 1-2: Foul Ball, location: 2F 1-2: Fielders Choice at 2nd, 3-6 (Groundball, 3, EV 105.6 MPH) Jake Bronner to third
|
|
Batting: RHB Pete Duncan
|
0-0: Foul Ball, location: 2F 0-1: Foul Ball, location: 2F 0-2: Strikes out looking
|
|
Batting: RHB Brock Van Gilder
|
0-0: Called Strike 0-1: Ground out 4-3 (Groundball, 34, EV 83.8 MPH)
|
| Top of the 6th over - 0 runs, 1 hit, 0 errors, 2 left on base; London 0 - Paris 3 |
| BOTTOM OF THE 6TH |
|
Paris Cubs batting - Pitching for London Majors : RHP Brian Bailes
|
|
Batting: RHB Sam Sours
|
0-0: Ball 1-0: Ball 2-0: Ground out 6-3 (Groundball, 6, EV 88.1 MPH)
|
|
Batting: RHB Jerry Blas
|
0-0: Ball 1-0: Swinging Strike 1-1: Foul Ball, location: 2F 1-2: Foul Ball, location: 2F 1-2: Ground out 6-3 (Groundball, 6, EV 100.0 MPH)
|
|
Batting: LHB Adam Conover
|
0-0: Ball 1-0: Called Strike 1-1: Swinging Strike 1-2: Foul Ball, location: 2F 1-2: Foul Ball, location: 2F 1-2: Ball 2-2: Strikes out swinging
|
| Bottom of the 6th over - 0 runs, 0 hits, 0 errors, 0 left on base; London 0 - Paris 3 |
| TOP OF THE 7TH |
|
London Majors batting - Pitching for Paris Cubs : RHP Bogdan Sdobnyakov
|
|
Batting: RHB Frank Caulfield
|
0-0: Ball 1-0: Foul Ball, location: 2F 1-1: Ball 2-1: Ball 3-1: Called Strike 3-2: Foul Ball, location: 2F 3-2: Strikes out swinging
|
|
Batting: LHB Frank Nelson
|
0-0: Foul Ball, location: 2F 0-1: Ground out 6-3 (Groundball, 6, EV 88.8 MPH)
|
|
Batting: RHB John Hering
|
0-0: Ball 1-0: Ball 2-0: Ball 3-0: Foul Ball, location: 2F 3-1: Base on Balls
|
|
Batting: RHB Erik Coleman
|
0-0: Called Strike 0-1: Foul Ball, location: 2F 0-2: Ball John Hering is caught stealing 2nd base 2-4
|
| Top of the 7th over - 0 runs, 0 hits, 0 errors, 0 left on base; London 0 - Paris 3 |
| BOTTOM OF THE 7TH |
|
Paris Cubs batting - Pitching for London Majors : RHP Brian Bailes
|
|
Batting: RHB Khalil Stephens
|
0-0: Called Strike 0-1: Ball 1-1: Ball 2-1: Ball 3-1: Fly out, F7 (Flyball, 7D, EV 102.5 MPH)
|
|
Batting: RHB Jose Sanchez
|
0-0: Called Strike 0-1: Ball 1-1: Ball 2-1: Swinging Strike 2-2: Ball 3-2: Base on Balls
|
|
Batting: RHB Andy Huntley
|
0-0: Called Strike 0-1: Ball 1-1: Called Strike 1-2: Strikes out swinging
|
|
Pitching: RHP Joe Linkous
|
|
|
Batting: RHB Leonardo Nava
|
0-0: Foul Ball, location: 2F 0-1: Ground out U3 (Groundball, 3, EV 89.4 MPH)
|
| Bottom of the 7th over - 0 runs, 0 hits, 0 errors, 1 left on base; London 0 - Paris 3 |
| TOP OF THE 8TH |
|
London Majors batting - Pitching for Paris Cubs : RHP Bogdan Sdobnyakov
|
|
Pitching: LHP Alex Gandarilla
|
|
|
Batting: RHB Erik Coleman
|
0-0: Foul Ball, location: 2F 0-1: Foul Ball, location: 2F 0-2: Ball 1-2: Foul Ball, location: 2F 1-2: Foul Ball, location: 2F 1-2: Foul Ball, location: 2F 1-2: Ball 2-2: SINGLE (Groundball, 6MS, EV 68.8 MPH) (infield hit)
|
|
Batting: RHB Jake Bronner
|
0-0: Ball 1-0: Ball 2-0: Called Strike 2-1: SINGLE (Line Drive, 9S, EV 98.8 MPH) Erik Coleman to second
|
|
Batting: RHB Bobby Lasaguna
|
0-0: Ball 1-0: Foul Ball, location: 2F 1-1: Swinging Strike 1-2: Ball 2-2: Strikes out looking
|
|
Batting: LHB Eddie Muniz
|
0-0: Foul Ball, location: 2F 0-1: Called Strike 0-2: Foul Ball, location: 2F 0-2: Ball 1-2: Strikes out swinging
|
|
Batting: RHB Pete Duncan
|
0-0: DOUBLE (Line Drive, 89XD, EV 100.0 MPH) Erik Coleman scores Jake Bronner to third
|
|
Pitching: LHP Jose Urena
|
|
|
Batting: RHB Brock Van Gilder
|
0-0: Foul Ball, location: 2F 0-1: Swinging Strike 0-2: Foul Ball, location: 2F 0-2: Ball 1-2: SINGLE (Groundball, 56S, EV 66.3 MPH) (infield hit) Jake Bronner scores Pete Duncan to third
|
|
Batting: RHB Frank Caulfield
|
0-0: Ball 1-0: Fielders Choice at 2nd, 6-4 (Groundball, 6, EV 88.8 MPH)
|
| Top of the 8th over - 2 runs, 4 hits, 0 errors, 2 left on base; London 2 - Paris 3 |
| BOTTOM OF THE 8TH |
|
Paris Cubs batting - Pitching for London Majors : RHP Joe Linkous
|
|
Pitching: LHP Mario Amore
|
|
|
Batting: RHB Ricardo Aguinaga
|
0-0: Called Strike 0-1: Ball 1-1: Called Strike 1-2: Strikes out swinging
|
|
Batting: RHB David Barnard
|
0-0: Ball 1-0: Ball 2-0: Called Strike 2-1: Ball 3-1: Called Strike 3-2: Fly out, F7 (Flyball, 78D, EV 100.0 MPH)
|
|
Batting: RHB Sam Sours
|
0-0: Ball 1-0: Ball 2-0: Called Strike 2-1: Ball 3-1: Base on Balls
|
|
Batting: RHB Jerry Blas
|
0-0: Ball 1-0: Ball 2-0: Called Strike 2-1: Called Strike 2-2: Ground out 4-3 (Groundball, 4D, EV 90.0 MPH)
|
| Bottom of the 8th over - 0 runs, 0 hits, 0 errors, 1 left on base; London 2 - Paris 3 |
| TOP OF THE 9TH |
|
London Majors batting - Pitching for Paris Cubs : LHP Jose Urena
|
|
Pitching: LHP Ricardo Saucedo
|
|
|
Batting: LHB Frank Nelson
|
0-0: Foul Ball, location: 2F 0-1: Ball 1-1: Ball 2-1: Foul Ball, location: 2F 2-2: Foul Ball, location: 2F 2-2: Strikes out swinging
|
|
Batting: RHB John Hering
|
0-0: Ball 1-0: Ball 2-0: Fly out, F8 (Flyball, 8RS, EV 86.3 MPH)
|
|
Batting: RHB Erik Coleman
|
0-0: Ball 1-0: Ground out 6-3 (Groundball, 56, EV 85.6 MPH)
|
| Top of the 9th over - 0 runs, 0 hits, 0 errors, 0 left on base; London 2 - Paris 3 |
|